Golden Knights vs Devils
Created - December 7, 2021 at 19:17
Goals
|
| Golden Knights |
1 |
2 |
2 |
5 |
| Devils |
0 |
1 |
1 |
2 |
|
Shots
|
| Golden Knights |
8 |
5 |
10 |
23 |
| Devils |
4 |
10 |
13 |
27 |
|
1st period
1. Golden Knights , Matt Stajan 1 (Wayne Simmonds 2) at 9:08 (PP)
Penalties :
Zach Parise (N.J) for Holding (Minor) at 6:34, Zach Parise (N.J) for Roughing (Minor) at 9:02, Wayne Simmonds (Veg) for Holding (Minor) at 19:53
2nd period
2. Devils , Nazem Kadri 1 (Kristopher Letang 2, Michael Del Zotto 1) at 0:17 (PP)
3. Golden Knights , Vladimir Mihalik 1 (Chris Tierney 2, Clarke MacArthur 2) at 11:44
4. Golden Knights , Thomas Vanek 2 (Damon Severson 1, Vladimir Mihalik 1) at 18:23
Penalties :
Martin Hanzal (Veg) for Hooking (Minor) at 6:00
3rd period
5. Devils , Aleksander Barkov 1 (Patrick Kaleta 1, Tyler Ennis 1) at 1:26
6. Golden Knights , Mats Zuccarello 1 (Martin Hanzal 1, Vladimir Mihalik 2) at 6:46
7. Golden Knights , Michael Frolik 1 (Andrei Loktionov 1, Jared Cowen 2) at 19:41 (PP)
Penalties :
Kellan Lain (Veg) for Slashing (Minor) at 7:43, Wes O'Neill (Veg) for Cross-checking (Minor) at 12:14, Michael Del Zotto (N.J) for Holding (Minor) at 19:09
Goalie Stats
Ondrej Pavelec (Veg), 25 saves from 27 shots - (0.926), W, 2-0-0, 60:00 minutes
Maxime Daigneault (N.J), 18 saves from 23 shots - (0.783), L, 0-2-0, 60:00 minutes
Players Stats for Golden Knights
Player Name G A P +/- PIM S H SB GA TA FO MP PP MP PK MP
------------------------------------------------------------------------------------
Andrei Loktionov 0 1 1 0 0 3 5 0 1 0 13/19 21:20 1:38 3:47
Chris Tierney 0 1 1 1 0 3 0 0 0 1 3/9 12:55 0:00 1:33
Clarke MacArthur 0 1 1 1 0 0 1 0 0 0 0/0 12:41 0:06 1:07
Damon Severson 0 1 1 3 0 1 1 1 0 0 0/0 12:34 0:00 0:40
Jared Cowen 0 1 1 0 0 2 1 1 0 1 0/0 28:10 1:37 4:07
Kellan Lain 0 0 0 0 2 0 3 0 0 0 0/1 18:42 1:32 1:01
Martin Hanzal 0 1 1 1 2 1 1 1 0 0 0/1 10:27 0:00 0:00
Mathew Dumba 0 0 0 -1 0 0 1 2 0 0 0/0 20:17 1:00 2:14
Mats Zuccarello 1 0 1 1 0 1 1 0 0 0 0/0 9:47 0:00 0:00
Matt Stajan 1 0 1 0 0 1 0 1 0 0 4/10 16:24 0:59 1:27
Michael Frolik 1 0 1 0 0 4 1 0 1 1 4/6 21:08 1:32 3:47
Nathan Horton 0 0 0 1 0 0 0 0 0 0 0/1 10:53 0:06 0:00
Shawn Matthias 0 0 0 1 0 0 1 0 0 1 0/0 9:47 0:00 0:00
Thomas Vanek 1 0 1 0 0 2 4 0 0 0 0/0 14:36 0:59 0:00
Vladimir Mihalik 1 2 3 3 0 3 0 0 1 1 0/0 11:33 0:00 0:00
Wayne Simmonds 0 1 1 0 2 1 4 0 0 0 1/1 14:35 0:59 0:00
Wes O'Neill 0 0 0 -1 2 0 0 0 1 0 0/0 19:36 1:00 1:34
Zach Bogosian 0 0 0 0 0 1 5 0 2 1 0/0 28:10 1:37 4:07
Players Stats for Devils
Player Name G A P +/- PIM S H SB GA TA FO MP PP MP PK MP
------------------------------------------------------------------------------------
Aleksander Barkov 1 0 1 1 0 6 1 0 0 0 4/12 17:02 2:45 0:27
Anton Lander 0 0 0 -1 0 0 0 0 0 1 1/1 8:46 0:00 0:00
Anton Stralman 0 0 0 0 0 1 3 1 0 1 0/0 22:13 0:00 1:54
Brian McGrattan 0 0 0 -1 0 0 1 0 0 0 0/0 9:29 0:00 0:43
Chris Stewart 0 0 0 0 0 0 1 0 0 0 0/0 14:54 2:45 0:00
Eric Tangradi 0 0 0 -1 0 2 1 0 1 0 0/0 9:05 0:00 0:12
Jamie Arniel 0 0 0 0 0 1 1 0 0 0 5/11 13:43 0:00 1:38
Jonathan Huberdeau 0 0 0 0 0 4 4 0 1 0 0/0 14:54 2:45 0:00
Kristopher Letang 0 1 1 0 0 1 1 1 1 0 0/0 24:23 4:09 0:00
Marian Gaborik 0 0 0 -2 0 0 0 1 0 2 1/2 19:57 3:36 0:00
Mark Fistric 0 0 0 0 0 0 4 2 0 0 0/0 20:41 2:12 1:54
Matt Donovan 0 0 0 -2 0 1 1 1 0 0 0/0 14:56 0:00 0:43
Michael Del Zotto 0 1 1 0 2 0 1 0 1 0 0/0 22:07 4:09 0:43
Nazem Kadri 1 0 1 -2 0 4 1 1 1 2 11/18 19:57 3:36 0:00
Patrick Kaleta 0 1 1 1 0 1 1 0 1 0 0/1 15:15 0:00 1:36
Thomas Hickey 0 0 0 -2 0 1 0 0 0 0 0/0 15:39 2:12 0:00
Tyler Ennis 0 1 1 1 0 3 1 0 0 0 0/1 17:58 3:36 0:38
Zach Parise 0 0 0 -2 4 2 2 1 0 0 1/2 16:21 0:00 0:00
3 Stars
1 - Vladimir Mihalik (Veg)
2 - Thomas Vanek (Veg)
3 - Damon Severson (Veg)
Power Play
Golden Knights - 2 on 3 Attempt(s) - 66.67%
Devils - 1 on 4 Attempt(s) - 25.00%
Penalty Kill
Golden Knights - 3 on 4 Attempt(s) - 75.00%
- Score 0 goal in Penalty Kill
Devils - 1 on 3 Attempt(s) - 33.33%
- Score 0 goal in Penalty Kill
Team Stat
Golden Knights - Hits : 29 - Faceoff Wins : 25 - Blocked Shots : 6 - Penalty Minutes : 8
Devils - Hits : 24 - Faceoff Wins : 23 - Blocked Shots : 8 - Penalty Minutes : 6
Official
Referees : Ghislain Hebert and Gord Dwyer
Linesman : Derek Nansen and Devin Berg
Game Notes
No Game Note
Finance
Level 1 -- Attendance: 5535 (92.25%) -- Ticket Income $553,500
Level 2 -- Attendance: 5000 (100.00%) -- Ticket Income $300,000
Level 3 -- Attendance: 2000 (100.00%) -- Ticket Income $70,000
Level 4 -- Attendance: 4000 (100.00%) -- Ticket Income $100,000
Luxury Box -- Attendance: 962 (96.20%) -- Ticket Income $192,400
Game was played at the Prudential Center.
Total Attendance: 17497 (97.21%)
Total Ticket Income: $1,215,900
Other Income: $182,385
Total Income: $1,398,285
Golden Knights
5 vs 5 Forward
Center Left Wing Right Wing Time % Phy DF OF
1 Andrei Loktionov Kellan Lain Michael Frolik 40 1 2 2
2 Matt Stajan Thomas Vanek Wayne Simmonds 30 1 2 2
3 Chris Tierney Clarke MacArthur Nathan Horton 20 1 2 2
4 Martin Hanzal Shawn Matthias Mats Zuccarello 10 1 2 2
5 vs 5 Defense
Defense Defense Time % Phy DF OF
1 Zach Bogosian Jared Cowen 40 1 2 2
2 Mathew Dumba Wes O'Neill 30 1 2 2
3 Vladimir Mihalik Damon Severson 20 1 2 2
4 Zach Bogosian Jared Cowen 10 1 2 2
PowerPlay Forward
Center Left Wing Right Wing Time % Phy DF OF
1 Andrei Loktionov Kellan Lain Michael Frolik 60 1 2 2
2 Matt Stajan Thomas Vanek Wayne Simmonds 40 1 2 2
PowerPlay Defense
Defense Defense Time % Phy DF OF
1 Zach Bogosian Jared Cowen 60 1 2 2
2 Mathew Dumba Wes O'Neill 40 1 2 2
Penalty Kill 4 Players Forward
Center Wing Time % Phy DF OF
1 Michael Frolik Andrei Loktionov 60 1 2 2
2 Matt Stajan Kellan Lain 40 1 2 2
Penalty Kill 4 Players Defense
Defense Defense Time % Phy DF OF
1 Zach Bogosian Jared Cowen 60 1 2 2
2 Mathew Dumba Wes O'Neill 40 1 2 2
Penalty Kill - 3 Players Forward
Forward Time % Phy DF OF
1 Michael Frolik 60 1 2 2
2 Andrei Loktionov 40 1 2 2
Penalty Kill - 3 Players Defense
Defense Defense Time % Phy DF OF
1 Zach Bogosian Jared Cowen 60 1 2 2
2 Mathew Dumba Wes O'Neill 40 1 2 2
4 vs 4 Forward
Center Wing Time % Phy DF OF
1 Michael Frolik Andrei Loktionov 60 1 2 2
2 Matt Stajan Kellan Lain 40 1 2 2
4 vs 4 Defense
Defense Defense Time % Phy DF OF
1 Zach Bogosian Jared Cowen 60 1 2 2
2 Mathew Dumba Wes O'Neill 40 1 2 2
Last Minutes Offensive
Center Left Wing Right Wing Defense Defense
Andrei Loktionov Kellan Lain Michael Frolik Zach Bogosian Jared Cowen
Last Minutes Defensive
Center Left Wing Right Wing Defense Defense
Andrei Loktionov Kellan Lain Michael Frolik Zach Bogosian Jared Cowen
Goaltenders
Starting : Ondrej Pavelec
Backup : Matt Hackett
Extra Forwards
Normal : Nathan Horton, Clarke MacArthur, Chris Tierney - PP : Nathan Horton, Clarke MacArthur - PK : Chris Tierney
Extra Defensemen
Normal : Vladimir Mihalik, Damon Severson, Mathew Dumba - PP : Vladimir Mihalik - PK : Damon Severson, Mathew Dumba
Penalty Shots
Michael Frolik, Andrei Loktionov, Matt Stajan, Kellan Lain, Wayne Simmonds
Scratches
Jamie Oleksiak (Healthy)
Devils
5 vs 5 Forward
Center Left Wing Right Wing Time % Phy DF OF
1 Nazem Kadri Zach Parise Marian Gaborik 35 0 2 3
2 Aleksander Barkov Tyler Ennis Patrick Kaleta 30 0 2 3
3 Jamie Arniel Jonathan Huberdeau Chris Stewart 25 0 2 3
4 Anton Lander Eric Tangradi Brian McGrattan 10 0 2 3
5 vs 5 Defense
Defense Defense Time % Phy DF OF
1 Anton Stralman Kristopher Letang 40 0 3 2
2 Michael Del Zotto Mark Fistric 35 0 3 2
3 Matt Donovan Thomas Hickey 25 0 3 2
4 Anton Stralman Kristopher Letang 0 1 2 2
PowerPlay Forward
Center Left Wing Right Wing Time % Phy DF OF
1 Nazem Kadri Tyler Ennis Marian Gaborik 60 0 1 4
2 Aleksander Barkov Jonathan Huberdeau Chris Stewart 40 0 1 4
PowerPlay Defense
Defense Defense Time % Phy DF OF
1 Michael Del Zotto Kristopher Letang 60 0 2 3
2 Thomas Hickey Mark Fistric 40 0 2 3
Penalty Kill 4 Players Forward
Center Wing Time % Phy DF OF
1 Jamie Arniel Patrick Kaleta 60 1 2 2
2 Zach Parise Brian McGrattan 40 1 2 2
Penalty Kill 4 Players Defense
Defense Defense Time % Phy DF OF
1 Anton Stralman Mark Fistric 60 1 4 0
2 Matt Donovan Michael Del Zotto 40 1 4 0
Penalty Kill - 3 Players Forward
Forward Time % Phy DF OF
1 Zach Parise 60 1 3 1
2 Jamie Arniel 40 1 3 1
Penalty Kill - 3 Players Defense
Defense Defense Time % Phy DF OF
1 Anton Stralman Kristopher Letang 60 1 4 0
2 Matt Donovan Mark Fistric 40 1 4 0
4 vs 4 Forward
Center Wing Time % Phy DF OF
1 Nazem Kadri Tyler Ennis 60 0 2 3
2 Jamie Arniel Zach Parise 40 0 2 3
4 vs 4 Defense
Defense Defense Time % Phy DF OF
1 Anton Stralman Kristopher Letang 60 0 3 2
2 Michael Del Zotto Mark Fistric 40 0 3 2
Last Minutes Offensive
Center Left Wing Right Wing Defense Defense
Nazem Kadri Tyler Ennis Marian Gaborik Michael Del Zotto Kristopher Letang
Last Minutes Defensive
Center Left Wing Right Wing Defense Defense
Jamie Arniel Tyler Ennis Patrick Kaleta Anton Stralman Mark Fistric
Goaltenders
Starting : Maxime Daigneault
Backup : Thomas McCollum
Extra Forwards
Normal : Jonathan Huberdeau, Patrick Kaleta, Jamie Arniel - PP : Zach Parise, Patrick Kaleta - PK : Tyler Ennis
Extra Defensemen
Normal : Mark Fistric, Matt Donovan, Thomas Hickey - PP : Mark Fistric - PK : Mark Fistric, Matt Donovan
Penalty Shots
Nazem Kadri, Tyler Ennis, Marian Gaborik, Zach Parise, Chris Stewart
Scratches
Mike Weber (Healthy)
% Time on Ice - Golden Knights
Lines # - Real PCT - Wanted PCT - Time Play
Normal Forward
1 - 33% - 40% - 16:59
2 - 27% - 30% - 13:58
3 - 20% - 20% - 10:18
4 - 19% - 10% - 9:47
Normal Defense
1 - 39% - 40% - 19:48
2 - 33% - 30% - 17:03
3 - 23% - 20% - 11:33
4 - 5% - 10% - 2:38
PP Forward
1 - 62% - 60% - 1:38
2 - 38% - 40% - 0:59
PP Defense
1 - 62% - 60% - 1:37
2 - 38% - 40% - 1:00
PK Forward
1 - 77% - 60% - 4:54
2 - 23% - 40% - 1:27
PK Defense
1 - 65% - 60% - 4:07
2 - 35% - 40% - 2:14
PK3 Forward
1 - 0% - 60%
2 - 0% - 40%
PK3 Defense
1 - 0% - 60%
2 - 0% - 40%
44 Forward
1 - 0% - 60%
2 - 0% - 40%
44 Defense
1 - 0% - 60%
2 - 0% - 40%
Last Minute Offensive - 0:00
Last Minute Defensive - 0:00
Total
Forward - 60:00
Defense - 60:00
|
% Time on Ice - Devils
Lines # - Real PCT - Wanted PCT - Time Play
Normal Forward
1 - 32% - 35% - 16:28
2 - 27% - 30% - 13:43
3 - 24% - 25% - 12:05
4 - 17% - 10% - 8:46
Normal Defense
1 - 40% - 40% - 20:36
2 - 35% - 35% - 17:39
3 - 25% - 25% - 12:47
4 - 0% - 0% - 0:00
PP Forward
1 - 57% - 60% - 3:36
2 - 43% - 40% - 2:45
PP Defense
1 - 65% - 60% - 4:09
2 - 35% - 40% - 2:12
PK Forward
1 - 73% - 60% - 1:54
2 - 27% - 40% - 0:43
PK Defense
1 - 73% - 60% - 1:54
2 - 27% - 40% - 0:43
PK3 Forward
1 - 0% - 60%
2 - 0% - 40%
PK3 Defense
1 - 0% - 60%
2 - 0% - 40%
44 Forward
1 - 0% - 60%
2 - 0% - 40%
44 Defense
1 - 0% - 60%
2 - 0% - 40%
Last Minute Offensive - 0:00
Last Minute Defensive - 0:00
Total
Forward - 60:00
Defense - 60:00
|
Play-by-Play
1st period
0:01 of 1st period - Nazem Kadri wins face-off versus Andrei Loktionov in neutral zone.
0:27 of 1st period - Anton Stralman is hit by Wayne Simmonds.
0:48 of 1st period - Chris Stewart is hit by Zach Bogosian.
1:01 of 1st period - Chris Tierney is hit by Chris Stewart and loses puck.
2:05 of 1st period - Slapshot by Vladimir Mihalik.
2:05 of 1st period - Stopped by Maxime Daigneault with a rebound.
3:12 of 1st period - Wrist shot by Aleksander Barkov.
3:12 of 1st period - Stopped by Ondrej Pavelec with a rebound.
3:14 of 1st period - Wrist shot by Patrick Kaleta.
3:14 of 1st period - Shot Misses the Net.
3:16 of 1st period - Snap shot by Tyler Ennis.
3:16 of 1st period - Shot Misses the Net.
3:36 of 1st period - Wrist shot by Wayne Simmonds.
3:36 of 1st period - Stopped by Maxime Daigneault without a rebound.
3:37 of 1st period - Jamie Arniel wins face-off versus Matt Stajan in Devils zone.
3:54 of 1st period - Matt Donovan is hit by Wayne Simmonds and loses puck.
5:49 of 1st period - Off-side.
5:50 of 1st period - Aleksander Barkov wins face-off versus Martin Hanzal in neutral zone.
6:21 of 1st period - Snap shot by Nazem Kadri.
6:21 of 1st period - Stopped by Ondrej Pavelec without a rebound.
6:22 of 1st period - Nazem Kadri wins face-off versus Andrei Loktionov in Golden Knights zone.
6:34 of 1st period - Minor Penalty to Zach Parise for Holding.
6:35 of 1st period - Andrei Loktionov wins face-off versus Jamie Arniel in Devils zone.
6:51 of 1st period - Snap shot by Michael Frolik.
6:51 of 1st period - Shot Hit the Post.
8:34 of 1st period - Penalty to Zach Parise is over, Zach Parise is back on ice.
8:46 of 1st period - Slapshot by Martin Hanzal.
8:46 of 1st period - Stopped by Maxime Daigneault with a rebound.
9:02 of 1st period - Minor Penalty to Zach Parise for Roughing.
9:03 of 1st period - Matt Stajan wins face-off versus Jamie Arniel in Devils zone.
9:08 of 1st period - Slapshot by Matt Stajan.
9:08 of 1st period - Goal by Matt Stajan - Golden Knights : 1 - Devils : 0.
9:09 of 1st period - Aleksander Barkov wins face-off versus Andrei Loktionov in neutral zone.
9:20 of 1st period - Wrist shot by Andrei Loktionov.
9:20 of 1st period - Stopped by Maxime Daigneault with a rebound.
9:41 of 1st period - Michael Del Zotto is hit by Thomas Vanek and loses puck.
10:15 of 1st period - Michael Del Zotto is hit by Clarke MacArthur and loses puck.
11:16 of 1st period - Jamie Arniel is hit by Martin Hanzal and loses puck.
11:35 of 1st period - Chris Tierney is hit by Zach Parise and loses puck.
11:55 of 1st period - Kristopher Letang is hit by Jared Cowen and loses puck.
12:16 of 1st period - Snap shot by Thomas Vanek.
12:16 of 1st period - Stopped by Maxime Daigneault with a rebound.
12:59 of 1st period - Snap shot by Nathan Horton.
12:59 of 1st period - Deflect By Nazem Kadri.
12:59 of 1st period - Shot Misses the Net.
12:59 of 1st period - Puck is out of play.
13:00 of 1st period - Nazem Kadri wins face-off versus Chris Tierney in Devils zone.
14:14 of 1st period - Wrist shot by Mats Zuccarello.
14:14 of 1st period - Shot Blocked by Anton Stralman.
14:48 of 1st period - Anton Stralman is hit by Andrei Loktionov and loses puck.
14:53 of 1st period - Snap shot by Aleksander Barkov.
14:53 of 1st period - Stopped by Ondrej Pavelec without a rebound.
14:54 of 1st period - Andrei Loktionov wins face-off versus Aleksander Barkov in Golden Knights zone.
14:54 of 1st period - Andrei Loktionov is hit by Mark Fistric.
16:04 of 1st period - Eric Tangradi is hit by Kellan Lain and loses puck.
16:13 of 1st period - Mark Fistric is hit by Kellan Lain and loses puck.
16:53 of 1st period - Shawn Matthias is hit by Patrick Kaleta and loses puck.
17:14 of 1st period - Slapshot by Zach Bogosian.
17:14 of 1st period - Shot Blocked by Mark Fistric.
17:16 of 1st period - Snap shot by Chris Tierney.
17:16 of 1st period - Stopped by Maxime Daigneault with a rebound.
17:18 of 1st period - Slapshot by Vladimir Mihalik.
17:18 of 1st period - Stopped by Maxime Daigneault with a rebound.
17:30 of 1st period - Wrist shot by Andrei Loktionov.
17:30 of 1st period - Shot Blocked by Mark Fistric.
17:50 of 1st period - Kristopher Letang is hit by Zach Bogosian and loses puck.
18:08 of 1st period - Icing by Jared Cowen.
18:09 of 1st period - Anton Lander wins face-off versus Matt Stajan in Golden Knights zone.
18:34 of 1st period - Nazem Kadri is hit by Andrei Loktionov and loses puck.
19:29 of 1st period - Snap shot by Tyler Ennis.
19:29 of 1st period - Stopped by Ondrej Pavelec with a rebound.
19:31 of 1st period - Slapshot by Matt Donovan.
19:31 of 1st period - Shot Blocked by Martin Hanzal.
19:33 of 1st period - Wrist shot by Aleksander Barkov.
19:33 of 1st period - Shot Misses the Net.
19:43 of 1st period - Nazem Kadri is hit by Thomas Vanek and loses puck.
19:53 of 1st period - Minor Penalty to Wayne Simmonds for Holding.
19:54 of 1st period - Nazem Kadri wins face-off versus Michael Frolik in Golden Knights zone.
Goals for this period are 1 for Golden Knights vs 0 for Devils.
Shots for this period are 8 for Golden Knights vs 4 for Devils.
2nd period
0:01 of 2nd period - Michael Frolik wins face-off versus Nazem Kadri in neutral zone.
0:17 of 2nd period - Slapshot by Kristopher Letang.
0:17 of 2nd period - Deflect By Nazem Kadri.
0:17 of 2nd period - Goal by Nazem Kadri - Golden Knights : 1 - Devils : 1.
0:18 of 2nd period - Nazem Kadri wins face-off versus Kellan Lain in neutral zone.
1:52 of 2nd period - Wrist shot by Zach Parise.
1:52 of 2nd period - Deflect By Nazem Kadri.
1:52 of 2nd period - Stopped by Ondrej Pavelec with a rebound.
2:23 of 2nd period - Wrist shot by Matt Stajan.
2:23 of 2nd period - Shot Misses the Net.
3:34 of 2nd period - Wayne Simmonds is hit by Jonathan Huberdeau and loses puck.
4:00 of 2nd period - Kristopher Letang is hit by Zach Bogosian and loses puck.
4:19 of 2nd period - Tyler Ennis is hit by Damon Severson and loses puck.
4:31 of 2nd period - Snap shot by Patrick Kaleta.
4:31 of 2nd period - Stopped by Ondrej Pavelec with a rebound.
4:33 of 2nd period - Snap shot by Tyler Ennis.
4:33 of 2nd period - Shot Misses the Net.
4:36 of 2nd period - Icing by Zach Bogosian.
4:37 of 2nd period - Matt Stajan wins face-off versus Nazem Kadri in Golden Knights zone.
4:37 of 2nd period - Matt Stajan is hit by Nazem Kadri.
4:43 of 2nd period - Anton Stralman is hit by Zach Bogosian and loses puck.
5:06 of 2nd period - Snap shot by Michael Frolik.
5:06 of 2nd period - Stopped by Maxime Daigneault with a rebound.
5:19 of 2nd period - Mathew Dumba is hit by Jonathan Huberdeau and loses puck.
5:34 of 2nd period - Wes O'Neill is hit by Eric Tangradi and loses puck.
6:00 of 2nd period - Minor Penalty to Martin Hanzal for Hooking.
6:01 of 2nd period - Michael Frolik wins face-off versus Marian Gaborik in Golden Knights zone.
8:00 of 2nd period - Penalty to Martin Hanzal is over, Martin Hanzal is back on ice.
8:13 of 2nd period - Martin Hanzal is hit by Mark Fistric and loses puck.
8:20 of 2nd period - Slapshot by Damon Severson.
8:20 of 2nd period - Shot Blocked by Zach Parise.
9:17 of 2nd period - Wes O'Neill is hit by Kristopher Letang and loses puck.
10:03 of 2nd period - Icing by Jared Cowen.
10:04 of 2nd period - Nazem Kadri wins face-off versus Nathan Horton in Golden Knights zone.
11:40 of 2nd period - Wrist shot by Chris Tierney.
11:40 of 2nd period - Stopped by Maxime Daigneault with a rebound.
11:42 of 2nd period - Snap shot by Vladimir Mihalik.
11:42 of 2nd period - Shot Blocked by Matt Donovan.
11:44 of 2nd period - Slapshot by Vladimir Mihalik.
11:44 of 2nd period - Goal by Vladimir Mihalik - Golden Knights : 2 - Devils : 1.
11:45 of 2nd period - Andrei Loktionov wins face-off versus Aleksander Barkov in neutral zone.
12:12 of 2nd period - Nazem Kadri is hit by Wayne Simmonds.
12:22 of 2nd period - Wrist shot by Zach Parise.
12:22 of 2nd period - Stopped by Ondrej Pavelec without a rebound.
12:23 of 2nd period - Chris Tierney wins face-off versus Jamie Arniel in Golden Knights zone.
12:49 of 2nd period - Zach Parise is hit by Andrei Loktionov and loses puck.
13:00 of 2nd period - Wrist shot by Michael Frolik.
13:00 of 2nd period - Shot Blocked by Marian Gaborik.
14:00 of 2nd period - Snap shot by Jonathan Huberdeau.
14:00 of 2nd period - Stopped by Ondrej Pavelec with a rebound.
14:36 of 2nd period - Snap shot by Tyler Ennis.
14:36 of 2nd period - Stopped by Ondrej Pavelec with a rebound.
14:38 of 2nd period - Slapshot by Matt Donovan.
14:38 of 2nd period - Stopped by Ondrej Pavelec without a rebound.
14:39 of 2nd period - Nazem Kadri wins face-off versus Andrei Loktionov in Golden Knights zone.
15:05 of 2nd period - Jared Cowen is hit by Aleksander Barkov and loses puck.
15:31 of 2nd period - Clarke MacArthur is hit by Jonathan Huberdeau and loses puck.
16:17 of 2nd period - Michael Del Zotto is hit by Zach Bogosian and loses puck.
16:32 of 2nd period - Aleksander Barkov is hit by Kellan Lain and loses puck.
16:59 of 2nd period - Snap shot by Jonathan Huberdeau.
16:59 of 2nd period - Stopped by Ondrej Pavelec with a rebound.
17:01 of 2nd period - Snap shot by Jamie Arniel.
17:01 of 2nd period - Shot Misses the Net.
17:17 of 2nd period - Mats Zuccarello is hit by Anton Stralman and loses puck.
17:40 of 2nd period - Wrist shot by Eric Tangradi.
17:40 of 2nd period - Stopped by Ondrej Pavelec without a rebound.
17:41 of 2nd period - Andrei Loktionov wins face-off versus Aleksander Barkov in Golden Knights zone.
18:08 of 2nd period - Mathew Dumba is hit by Michael Del Zotto and loses puck.
18:13 of 2nd period - Snap shot by Nazem Kadri.
18:13 of 2nd period - Stopped by Ondrej Pavelec without a rebound.
18:14 of 2nd period - Marian Gaborik wins face-off versus Matt Stajan in Golden Knights zone.
18:21 of 2nd period - Wrist shot by Damon Severson.
18:21 of 2nd period - Stopped by Maxime Daigneault with a rebound.
18:23 of 2nd period - Wrist shot by Thomas Vanek.
18:23 of 2nd period - Goal by Thomas Vanek - Golden Knights : 3 - Devils : 1.
18:24 of 2nd period - Andrei Loktionov wins face-off versus Nazem Kadri in neutral zone.
18:51 of 2nd period - Wayne Simmonds is hit by Anton Stralman and loses puck.
19:30 of 2nd period - Kristopher Letang is hit by Shawn Matthias and loses puck.
19:39 of 2nd period - Slapshot by Brian McGrattan.
19:39 of 2nd period - Shot Misses the Net.
Goals for this period are 2 for Golden Knights vs 1 for Devils.
Shots for this period are 5 for Golden Knights vs 10 for Devils.
3rd period
0:01 of 3rd period - Andrei Loktionov wins face-off versus Nazem Kadri in neutral zone.
0:04 of 3rd period - Snap shot by Zach Bogosian.
0:04 of 3rd period - Shot Blocked by Nazem Kadri.
0:06 of 3rd period - Snap shot by Jared Cowen.
0:06 of 3rd period - Stopped by Maxime Daigneault with a rebound.
0:08 of 3rd period - Snap shot by Andrei Loktionov.
0:08 of 3rd period - Stopped by Maxime Daigneault without a rebound.
0:09 of 3rd period - Andrei Loktionov wins face-off versus Zach Parise in Devils zone.
0:58 of 3rd period - Backhand shot by Michael Frolik.
0:58 of 3rd period - Stopped by Maxime Daigneault with a rebound.
1:10 of 3rd period - Snap shot by Andrei Loktionov.
1:10 of 3rd period - Shot Misses the Net.
1:16 of 3rd period - Slapshot by Michael Frolik.
1:16 of 3rd period - Shot Misses the Net.
1:18 of 3rd period - Snap shot by Andrei Loktionov.
1:18 of 3rd period - Stopped by Maxime Daigneault without a rebound.
1:19 of 3rd period - Aleksander Barkov wins face-off versus Matt Stajan in Devils zone.
1:26 of 3rd period - Slapshot by Aleksander Barkov.
1:26 of 3rd period - Goal by Aleksander Barkov - Golden Knights : 3 - Devils : 2.
1:27 of 3rd period - Wayne Simmonds wins face-off versus Aleksander Barkov in neutral zone.
1:32 of 3rd period - Patrick Kaleta is hit by Mathew Dumba.
1:40 of 3rd period - Michael Del Zotto is hit by Wayne Simmonds.
2:35 of 3rd period - Snap shot by Martin Hanzal.
2:35 of 3rd period - Shot Misses the Net.
2:49 of 3rd period - Marian Gaborik is hit by Mats Zuccarello and loses puck.
2:59 of 3rd period - Off-side.
3:00 of 3rd period - Matt Stajan wins face-off versus Aleksander Barkov in neutral zone.
3:13 of 3rd period - Wrist shot by Tyler Ennis.
3:13 of 3rd period - Shot Misses the Net.
3:25 of 3rd period - Michael Frolik is hit by Mark Fistric and loses puck.
3:54 of 3rd period - Chris Tierney is hit by Zach Parise.
4:09 of 3rd period - Wrist shot by Tyler Ennis.
4:09 of 3rd period - Stopped by Ondrej Pavelec with a rebound.
4:20 of 3rd period - Shawn Matthias is hit by Tyler Ennis and loses puck.
4:45 of 3rd period - Anton Stralman is hit by Thomas Vanek and loses puck.
5:08 of 3rd period - Wrist shot by Jonathan Huberdeau.
5:08 of 3rd period - Stopped by Ondrej Pavelec without a rebound.
5:09 of 3rd period - Chris Tierney wins face-off versus Patrick Kaleta in Golden Knights zone.
5:14 of 3rd period - Slapshot by Jared Cowen.
5:14 of 3rd period - Deflect By Patrick Kaleta.
5:14 of 3rd period - Stopped by Maxime Daigneault with a rebound.
5:16 of 3rd period - Slapshot by Zach Bogosian.
5:16 of 3rd period - Stopped by Maxime Daigneault without a rebound.
5:17 of 3rd period - Chris Tierney wins face-off versus Aleksander Barkov in Devils zone.
5:23 of 3rd period - Wrist shot by Chris Tierney.
5:23 of 3rd period - Stopped by Maxime Daigneault without a rebound.
5:24 of 3rd period - Zach Parise wins face-off versus Andrei Loktionov in Devils zone.
6:46 of 3rd period - Snap shot by Mats Zuccarello.
6:46 of 3rd period - Goal by Mats Zuccarello - Golden Knights : 4 - Devils : 2.
6:47 of 3rd period - Andrei Loktionov wins face-off versus Nazem Kadri in neutral zone.
6:51 of 3rd period - Off-side.
6:52 of 3rd period - Andrei Loktionov wins face-off versus Nazem Kadri in neutral zone.
7:05 of 3rd period - Kristopher Letang is hit by Michael Frolik and loses puck.
7:09 of 3rd period - Icing by Anton Stralman.
7:10 of 3rd period - Nazem Kadri wins face-off versus Matt Stajan in Devils zone.
7:10 of 3rd period - Nazem Kadri is hit by Thomas Vanek.
7:43 of 3rd period - Minor Penalty to Kellan Lain for Slashing.
7:44 of 3rd period - Michael Frolik wins face-off versus Aleksander Barkov in Golden Knights zone.
7:54 of 3rd period - Slapshot by Aleksander Barkov.
7:54 of 3rd period - Stopped by Ondrej Pavelec with a rebound.
7:56 of 3rd period - Wrist shot by Jonathan Huberdeau.
7:56 of 3rd period - Deflect By Aleksander Barkov.
7:56 of 3rd period - Shot Misses the Net.
7:56 of 3rd period - Puck is out of play.
7:57 of 3rd period - Nazem Kadri wins face-off versus Michael Frolik in Golden Knights zone.
9:43 of 3rd period - Penalty to Kellan Lain is over, Kellan Lain is back on ice.
9:54 of 3rd period - Damon Severson is hit by Brian McGrattan and loses puck.
10:03 of 3rd period - Damon Severson is hit by Matt Donovan and loses puck.
10:14 of 3rd period - Snap shot by Martin Hanzal.
10:14 of 3rd period - Deflect By Thomas Vanek.
10:14 of 3rd period - Shot Misses the Net.
10:14 of 3rd period - Puck is out of play.
10:15 of 3rd period - Matt Stajan wins face-off versus Jamie Arniel in Devils zone.
10:28 of 3rd period - Wrist shot by Thomas Vanek.
10:28 of 3rd period - Shot Misses the Net.
10:50 of 3rd period - Snap shot by Clarke MacArthur.
10:50 of 3rd period - Shot Misses the Net.
11:29 of 3rd period - Slapshot by Kristopher Letang.
11:29 of 3rd period - Stopped by Ondrej Pavelec without a rebound.
11:30 of 3rd period - Jamie Arniel wins face-off versus Matt Stajan in Golden Knights zone.
11:35 of 3rd period - Snap shot by Jonathan Huberdeau.
11:35 of 3rd period - Stopped by Ondrej Pavelec with a rebound.
11:45 of 3rd period - Snap shot by Jonathan Huberdeau.
11:45 of 3rd period - Shot Misses the Net.
12:10 of 3rd period - Slapshot by Thomas Hickey.
12:10 of 3rd period - Stopped by Ondrej Pavelec without a rebound.
12:11 of 3rd period - Aleksander Barkov wins face-off versus Chris Tierney in Golden Knights zone.
12:12 of 3rd period - Wrist shot by Tyler Ennis.
12:12 of 3rd period - Shot Blocked by Mathew Dumba.
12:14 of 3rd period - Minor Penalty to Wes O'Neill for Cross-checking.
12:15 of 3rd period - Michael Frolik wins face-off versus Tyler Ennis in Golden Knights zone.
12:24 of 3rd period - Slapshot by Kristopher Letang.
12:24 of 3rd period - Shot Blocked by Jared Cowen.
12:50 of 3rd period - Wrist shot by Aleksander Barkov.
12:50 of 3rd period - Stopped by Ondrej Pavelec with a rebound.
13:21 of 3rd period - Damon Severson is hit by Mark Fistric and loses puck.
13:33 of 3rd period - Icing by Marian Gaborik.
13:34 of 3rd period - Nazem Kadri wins face-off versus Chris Tierney in Devils zone.
14:14 of 3rd period - Penalty to Wes O'Neill is over, Wes O'Neill is back on ice.
14:30 of 3rd period - Snap shot by Eric Tangradi.
14:30 of 3rd period - Shot Blocked by Damon Severson.
14:32 of 3rd period - Slapshot by Matt Donovan.
14:32 of 3rd period - Shot Blocked by Matt Stajan.
14:34 of 3rd period - Slapshot by Eric Tangradi.
14:34 of 3rd period - Stopped by Ondrej Pavelec without a rebound.
14:35 of 3rd period - Jamie Arniel wins face-off versus Chris Tierney in Golden Knights zone.
14:52 of 3rd period - Vladimir Mihalik is hit by Jonathan Huberdeau and loses puck.
15:05 of 3rd period - Wrist shot by Aleksander Barkov.
15:05 of 3rd period - Stopped by Ondrej Pavelec without a rebound.
15:06 of 3rd period - Andrei Loktionov wins face-off versus Aleksander Barkov in Golden Knights zone.
15:11 of 3rd period - Aleksander Barkov is hit by Andrei Loktionov.
15:21 of 3rd period - Tyler Ennis is hit by Andrei Loktionov and loses puck.
15:39 of 3rd period - Wrist shot by Matt Stajan.
15:39 of 3rd period - Deflect By Wayne Simmonds.
15:39 of 3rd period - Shot Blocked by Kristopher Letang.
15:39 of 3rd period - Puck is out of play.
15:40 of 3rd period - Jamie Arniel wins face-off versus Chris Tierney in Devils zone.
15:51 of 3rd period - Slapshot by Jamie Arniel.
15:51 of 3rd period - Shot Blocked by Mathew Dumba.
15:53 of 3rd period - Slapshot by Anton Stralman.
15:53 of 3rd period - Stopped by Ondrej Pavelec without a rebound.
15:54 of 3rd period - Jamie Arniel wins face-off versus Chris Tierney in Golden Knights zone.
15:59 of 3rd period - Snap shot by Jamie Arniel.
15:59 of 3rd period - Stopped by Ondrej Pavelec with a rebound.
18:16 of 3rd period - Slapshot by Kellan Lain.
18:16 of 3rd period - Shot Misses the Net.
18:24 of 3rd period - Wrist shot by Michael Frolik.
18:24 of 3rd period - Shot Misses the Net.
18:40 of 3rd period - Snap shot by Matt Stajan.
18:40 of 3rd period - Shot Misses the Net.
18:54 of 3rd period - Thomas Vanek is hit by Jamie Arniel and loses puck.
19:09 of 3rd period - Minor Penalty to Michael Del Zotto for Holding.
19:10 of 3rd period - Andrei Loktionov wins face-off versus Jamie Arniel in Devils zone.
19:22 of 3rd period - Icing by Jared Cowen.
19:23 of 3rd period - Andrei Loktionov wins face-off versus Jamie Arniel in Golden Knights zone.
19:23 of 3rd period - Andrei Loktionov is hit by Anton Stralman.
19:39 of 3rd period - Snap shot by Andrei Loktionov.
19:39 of 3rd period - Deflect By Michael Frolik.
19:39 of 3rd period - Stopped by Maxime Daigneault with a rebound.
19:41 of 3rd period - Wrist shot by Michael Frolik.
19:41 of 3rd period - Goal by Michael Frolik - Golden Knights : 5 - Devils : 2.
19:42 of 3rd period - Andrei Loktionov wins face-off versus Nazem Kadri in neutral zone.
19:52 of 3rd period - Off-side.
19:53 of 3rd period - Nazem Kadri wins face-off versus Andrei Loktionov in neutral zone.
19:56 of 3rd period - Snap shot by Zach Parise.
19:56 of 3rd period - Stopped by Ondrej Pavelec with a rebound.
Goals for this period are 2 for Golden Knights vs 1 for Devils.
Shots for this period are 10 for Golden Knights vs 13 for Devils.